Connexion

WINNIPEG Jets vs PITTSBURGH Penguins

Created - 20 décembre 2023 at 05:54

Goals
1 2 3 T
WINNIPEG Jets 1 2 1 4
PITTSBURGH Penguins 2 3 0 5
Shots
1 2 3 T
WINNIPEG Jets 8 8 11 27
PITTSBURGH Penguins 16 9 7 32

GoalsPenalties
1st period
1. WINNIPEG Jets , Simon Benoit 1 (Ethan Bear 25, Charlie Coyle 11) at 3:04 (PP)
2. PITTSBURGH Penguins , Gustav Nyquist 18 (Will Butcher 28) at 4:25
3. PITTSBURGH Penguins , William Nylander 16 (Anton Lindholm 21, Gustav Nyquist 18) at 8:13
Will Butcher (PIT) for Roughing (Minor) at 2:34
Jake Gardiner (PIT) for Cross-checking (Minor) at 10:17
2nd period
4. WINNIPEG Jets , Dmitrij Jaskin 20 (Dawson Mercer 25) at 0:09
5. PITTSBURGH Penguins , William Nylander 17 (Adam Larsson 14, Darcy Kuemper) at 7:12
6. PITTSBURGH Penguins , Oliver Bjorkstrand 14 (Connor McDavid 29, Anton Lindholm 22) at 12:30
7. WINNIPEG Jets , Mark Stone 8 (Tanner Jeannot 7, Rasmus Kupari 9) at 12:44
8. PITTSBURGH Penguins , Brad Marchand 22 (Connor McDavid 30, Anton Lindholm 23) at 15:17
Andrei Svechnikov (PIT) for Roughing (Minor) at 14:08
Dmitrij Jaskin (WPG) for Hooking (Minor) at 14:41
Darnell Nurse (WPG) for Roughing (Double Minor) at 18:33
3rd period
9. WINNIPEG Jets , William Karlsson 9 (Colton White 11, Colton Parayko 15) at 12:50
Andrei Svechnikov (PIT) for Interference (Minor) at 0:50
Darnell Nurse (WPG) for Tripping (Minor) at 5:04
Tanner Jeannot (WPG) for Interference (Minor) at 19:03
Goalie Stats
Charlie Lindgren (WPG), 10 saves from 10 shots - (1,000), 24:43 minutes
Ukko-Pekka Luukkonen (WPG), 17 saves from 22 shots - (0,773), L, 15-13-3, 35:17 minutes
Darcy Kuemper (PIT), 23 saves from 27 shots - (0,852), W, 23-14-6, 60:00 minutes
3 StarsOfficial
1 - Anton Lindholm (PIT)
2 - William Nylander (PIT)
3 - Gustav Nyquist (PIT)
Referees : Gord Dwyer and Kerry Fraser
Linesman : Scott Cherrey and Pierre Racicot
Game Note
Charlie Lindgren enters game at 15:17 of 2nd period
Finance
Level 1 -- Attendance: 5013 (83,55%) -- Ticket Income $716,859
Level 2 -- Attendance: 4554 (84,54%) -- Ticket Income $409,860
Level 3 -- Attendance: 1995 (99,75%) -- Ticket Income $105,735
Level 4 -- Attendance: 3658 (91,45%) -- Ticket Income $128,030
Luxury Box -- Attendance: 782 (78,20%) -- Ticket Income $234,600
Game was played at the Consol Energy Center.
Total Attendance: 16002 (87,03%)
Total Ticket Income: $1,595,084
Other Income: $319,017
Total Income: $1,914,101



Team Name Goals Shots Shots Attemp Shots Blocked PIM HIT PP PK FO%
WINNIPEG Jets 42758610221 / 4 (25%)046%
PITTSBURGH Penguins 53262108170 / 5 (0%)154%

WINNIPEG Jets
Player Name POS G A P +/- PIM HIT SHT SB MP PP MP PP SHT PK MP PK SHT FO% FOT
Alexei ToropchenkoRW000001005:260:0000:0000% 0
Charlie CoyleC/RW011002309:362:4210:54045% 11
Colton ParaykoD011-2030022:410:5401:4100% 0
Colton WhiteD0110021015:100:0000:2310% 0
Darnell NurseD0000641020:581:2701:0100% 0
Dawson MercerC0110002017:330:0000:00047% 19
Dmitrij JaskinLW/RW1010223124:011:2714:05025% 12
Eeli TolvanenLW/RW000-1001013:291:5100:0000% 0
Ethan BearD0110010125:082:2503:0300% 0
Evgeny SvechnikovRW000-2013015:050:3700:00043% 7
Gustav LindstromD000-1001016:080:0003:1400% 0
Logan BrownC000-1013011:380:0000:00060% 15
Mark StoneRW101-1014121:371:2813:50050% 2
Noah CatesLW0000000018:501:5100:0000% 1
Rasmus KupariC0110000014:590:0001:14056% 18
Simon BenoitD101-102239:181:5222:0800% 0
Tanner JeannotLW/RW0110220014:140:0000:0000% 0
William KarlssonC/LW1010003015:120:0001:27025% 4
PITTSBURGH Penguins
Player Name POS G A P +/- PIM HIT SHT SB MP PP MP PP SHT PK MP PK SHT FO% FOT
Adam LarssonD0114010021:512:2401:5200% 0
Alexander BarabanovLW/RW0000010013:130:0000:170100% 1
Andrei SvechnikovLW/RW0002442018:212:1300:00050% 2
Anton LindholmD0334001122:142:2412:1500% 0
Brad MarchandLW/RW1010003224:423:3102:3000% 3
Connor McDavidC0220016126:523:3112:30056% 39
Gustav NyquistC/LW/RW1122004118:232:1400:000100% 1
Jake GardinerD000-2231324:073:2100:1700% 0
Jasper WeatherbyC000000000:000:0000:0000% 0
Justin KloosC/RW000000002:100:0000:00050% 2
Kevin ConnautonD0000010013:380:0000:4700% 0
Milan LucicLW000001002:100:0000:0000% 0
Oliver Bjorkstrand LW/RW101-1007021:363:3110:32050% 4
Ross ColtonC0000032113:130:0000:17070% 10
Trevor CarrickD0000010012:510:0000:0000% 0
Vitali KravtsovRW0000001012:560:0000:000100% 1
Will ButcherD011-2212125:173:2111:2700% 0
William NylanderC/RW2022003019:552:1410:32046% 26



Play-by-Play

1st period


0:01 of 1st period - Connor McDavid wins face-off versus Dawson Mercer in neutral zone.
0:21 of 1st period - Icing by Dawson Mercer.
0:22 of 1st period - Dmitrij Jaskin wins face-off versus William Nylander in WINNIPEG Jets zone.
0:22 of 1st period - Dmitrij Jaskin is hit by Andrei Svechnikov.
0:39 of 1st period - Adam Larsson is hit by Dmitrij Jaskin and loses puck.
1:25 of 1st period - Ross Colton is hit by Darnell Nurse and loses puck.
1:32 of 1st period - Shot by Vitali Kravtsov.
1:32 of 1st period - Stopped by Ukko-Pekka Luukkonen with a rebound.
1:38 of 1st period - Shot by Ross Colton.
1:38 of 1st period - Stopped by Ukko-Pekka Luukkonen without a rebound.
1:39 of 1st period - Connor McDavid wins face-off versus Rasmus Kupari in WINNIPEG Jets zone.
1:44 of 1st period - Shot by Oliver Bjorkstrand .
1:44 of 1st period - Stopped by Ukko-Pekka Luukkonen without a rebound.
1:45 of 1st period - Mark Stone wins face-off versus Connor McDavid in WINNIPEG Jets zone.
1:51 of 1st period - Shot by Oliver Bjorkstrand .
1:51 of 1st period - Stopped by Ukko-Pekka Luukkonen with a rebound.
1:53 of 1st period - Shot by Connor McDavid.
1:53 of 1st period - Shot Misses the Net.
2:33 of 1st period - Mark Stone is hit by Jake Gardiner and loses puck.
2:34 of 1st period - Minor Penalty to Will Butcher for Roughing.
2:35 of 1st period - Connor McDavid wins face-off versus Charlie Coyle in PITTSBURGH Penguins zone.
3:02 of 1st period - Shot by Ethan Bear.
3:02 of 1st period - Shot Misses the Net.
3:04 of 1st period - Shot by Simon Benoit.
3:04 of 1st period - Goal by Simon Benoit - WINNIPEG Jets : 1 - PITTSBURGH Penguins : 0.
3:05 of 1st period - Logan Brown wins face-off versus Ross Colton in neutral zone.
3:42 of 1st period - Shot by Logan Brown.
3:42 of 1st period - Stopped by Darcy Kuemper without a rebound.
3:43 of 1st period - Rasmus Kupari wins face-off versus William Nylander in PITTSBURGH Penguins zone.
3:53 of 1st period - Icing by Simon Benoit.
3:54 of 1st period - William Nylander wins face-off versus Rasmus Kupari in WINNIPEG Jets zone.
3:57 of 1st period - Shot by Gustav Nyquist.
3:57 of 1st period - Stopped by Ukko-Pekka Luukkonen without a rebound.
3:58 of 1st period - Charlie Coyle wins face-off versus Justin Kloos in WINNIPEG Jets zone.
4:19 of 1st period - Off-side.
4:20 of 1st period - Rasmus Kupari wins face-off versus William Nylander in neutral zone.
4:25 of 1st period - Shot by Gustav Nyquist.
4:25 of 1st period - Goal by Gustav Nyquist - WINNIPEG Jets : 1 - PITTSBURGH Penguins : 1.
4:26 of 1st period - Connor McDavid wins face-off versus Logan Brown in neutral zone.
4:31 of 1st period - Shot by Jake Gardiner.
4:31 of 1st period - Stopped by Ukko-Pekka Luukkonen with a rebound.
4:47 of 1st period - Shot by Connor McDavid.
4:47 of 1st period - Shot Misses the Net.
4:53 of 1st period - Shot by Brad Marchand.
4:53 of 1st period - Shot Blocked by Simon Benoit.
4:55 of 1st period - Shot by Oliver Bjorkstrand .
4:55 of 1st period - Shot Misses the Net.
4:57 of 1st period - Shot by Oliver Bjorkstrand .
4:57 of 1st period - Stopped by Ukko-Pekka Luukkonen with a rebound.
5:28 of 1st period - Adam Larsson is hit by Tanner Jeannot and loses puck.
6:28 of 1st period - Trevor Carrick is hit by Tanner Jeannot and loses puck.
7:33 of 1st period - Shot by Connor McDavid.
7:33 of 1st period - Stopped by Ukko-Pekka Luukkonen with a rebound.
7:41 of 1st period - Shot by Connor McDavid.
7:41 of 1st period - Stopped by Ukko-Pekka Luukkonen without a rebound.
7:42 of 1st period - Evgeny Svechnikov wins face-off versus Andrei Svechnikov in WINNIPEG Jets zone.
7:57 of 1st period - Shot by William Nylander.
7:57 of 1st period - Shot Misses the Net.
8:03 of 1st period - Shot by William Nylander.
8:03 of 1st period - Shot Misses the Net.
8:13 of 1st period - Shot by William Nylander.
8:13 of 1st period - Goal by William Nylander - WINNIPEG Jets : 1 - PITTSBURGH Penguins : 2.
8:14 of 1st period - Justin Kloos wins face-off versus Rasmus Kupari in neutral zone.
8:43 of 1st period - Shot by Connor McDavid.
8:43 of 1st period - Stopped by Ukko-Pekka Luukkonen without a rebound.
8:44 of 1st period - Logan Brown wins face-off versus William Nylander in WINNIPEG Jets zone.
9:17 of 1st period - Colton White is hit by Andrei Svechnikov.
9:18 of 1st period - Icing by Colton White.
9:19 of 1st period - Logan Brown wins face-off versus Connor McDavid in WINNIPEG Jets zone.
9:29 of 1st period - Logan Brown is hit by Connor McDavid and loses puck.
9:50 of 1st period - Shot by Connor McDavid.
9:50 of 1st period - Stopped by Ukko-Pekka Luukkonen without a rebound.
9:51 of 1st period - Rasmus Kupari wins face-off versus Ross Colton in WINNIPEG Jets zone.
10:07 of 1st period - Darnell Nurse is hit by Ross Colton and loses puck.
10:17 of 1st period - Minor Penalty to Jake Gardiner for Cross-checking.
10:18 of 1st period - Charlie Coyle wins face-off versus Brad Marchand in PITTSBURGH Penguins zone.
10:29 of 1st period - Shot by Charlie Coyle.
10:29 of 1st period - Stopped by Darcy Kuemper without a rebound.
10:30 of 1st period - Charlie Coyle wins face-off versus Connor McDavid in PITTSBURGH Penguins zone.
10:57 of 1st period - Shot by Charlie Coyle.
10:57 of 1st period - Shot Misses the Net.
11:10 of 1st period - Darnell Nurse is hit by Adam Larsson and loses puck.
11:42 of 1st period - Icing by Colton Parayko.
11:43 of 1st period - Oliver Bjorkstrand wins face-off versus Dmitrij Jaskin in WINNIPEG Jets zone.
11:43 of 1st period - Adam Larsson is hit by Simon Benoit and loses puck.
11:50 of 1st period - Shot by Simon Benoit.
11:50 of 1st period - Stopped by Darcy Kuemper with a rebound.
11:52 of 1st period - Shot by Mark Stone.
11:52 of 1st period - Stopped by Darcy Kuemper without a rebound.
11:53 of 1st period - Charlie Coyle wins face-off versus Oliver Bjorkstrand in PITTSBURGH Penguins zone.
11:56 of 1st period - Shot by Ethan Bear.
11:56 of 1st period - Shot Misses the Net.
11:58 of 1st period - Shot by Darnell Nurse.
11:58 of 1st period - Deflect By Dmitrij Jaskin.
11:58 of 1st period - Stopped by Darcy Kuemper without a rebound.
11:59 of 1st period - Connor McDavid wins face-off versus Charlie Coyle in PITTSBURGH Penguins zone.
11:59 of 1st period - Connor McDavid is hit by Charlie Coyle.
12:30 of 1st period - Icing by Colton Parayko.
12:31 of 1st period - Alexander Barabanov wins face-off versus Rasmus Kupari in WINNIPEG Jets zone.
12:35 of 1st period - Icing by Colton White.
12:36 of 1st period - Rasmus Kupari wins face-off versus Connor McDavid in WINNIPEG Jets zone.
12:59 of 1st period - Shot by Brad Marchand.
12:59 of 1st period - Stopped by Ukko-Pekka Luukkonen without a rebound.
13:00 of 1st period - Dawson Mercer wins face-off versus William Nylander in WINNIPEG Jets zone.
13:09 of 1st period - Shot by Dmitrij Jaskin.
13:09 of 1st period - Stopped by Darcy Kuemper without a rebound.
13:10 of 1st period - Connor McDavid wins face-off versus Charlie Coyle in PITTSBURGH Penguins zone.
13:14 of 1st period - Icing by Will Butcher.
13:15 of 1st period - Connor McDavid wins face-off versus Dawson Mercer in PITTSBURGH Penguins zone.
13:25 of 1st period - Icing by Ethan Bear.
13:26 of 1st period - William Nylander wins face-off versus Dawson Mercer in WINNIPEG Jets zone.
13:36 of 1st period - Icing by Ethan Bear.
13:37 of 1st period - Connor McDavid wins face-off versus Dawson Mercer in WINNIPEG Jets zone.
14:33 of 1st period - Noah Cates is hit by Andrei Svechnikov and loses puck.
15:00 of 1st period - Shot by Gustav Nyquist.
15:00 of 1st period - Shot Misses the Net.
15:02 of 1st period - Shot by William Nylander.
15:02 of 1st period - Shot Misses the Net.
15:38 of 1st period - Shot by Alexander Barabanov.
15:38 of 1st period - Shot Misses the Net.
15:46 of 1st period - Shot by Ross Colton.
15:46 of 1st period - Stopped by Ukko-Pekka Luukkonen with a rebound.
16:07 of 1st period - Mark Stone is hit by Ross Colton and loses puck.
16:33 of 1st period - Evgeny Svechnikov is hit by Jake Gardiner.
17:29 of 1st period - Shot by Noah Cates.
17:29 of 1st period - Shot Misses the Net.
18:11 of 1st period - Icing by Logan Brown.
18:12 of 1st period - Ross Colton wins face-off versus Logan Brown in WINNIPEG Jets zone.
18:30 of 1st period - Kevin Connauton is hit by Logan Brown.
18:56 of 1st period - Shot by Dmitrij Jaskin.
18:56 of 1st period - Shot Misses the Net.
19:04 of 1st period - Shot by Charlie Coyle.
19:04 of 1st period - Stopped by Darcy Kuemper without a rebound.
19:05 of 1st period - Rasmus Kupari wins face-off versus Connor McDavid in PITTSBURGH Penguins zone.
19:28 of 1st period - Shot by Ethan Bear.
19:28 of 1st period - Shot Misses the Net.
19:45 of 1st period - Brad Marchand is hit by Darnell Nurse.
19:49 of 1st period - Shot by Brad Marchand.
19:49 of 1st period - Stopped by Ukko-Pekka Luukkonen without a rebound.
19:50 of 1st period - Dawson Mercer wins face-off versus William Nylander in WINNIPEG Jets zone.
Goals for this period are 1 for WINNIPEG Jets vs 2 for PITTSBURGH Penguins.
Shots for this period are 8 for WINNIPEG Jets vs 16 for PITTSBURGH Penguins.

2nd period


0:01 of 2nd period - Dawson Mercer wins face-off versus Connor McDavid in neutral zone.
0:07 of 2nd period - Icing by Jake Gardiner.
0:08 of 2nd period - Dawson Mercer wins face-off versus Connor McDavid in PITTSBURGH Penguins zone.
0:09 of 2nd period - Shot by Dmitrij Jaskin.
0:09 of 2nd period - Goal by Dmitrij Jaskin - WINNIPEG Jets : 2 - PITTSBURGH Penguins : 2.
0:10 of 2nd period - Dawson Mercer wins face-off versus Connor McDavid in neutral zone.
0:20 of 2nd period - Will Butcher is hit by Ethan Bear and loses puck.
0:27 of 2nd period - Shot by Oliver Bjorkstrand .
0:27 of 2nd period - Stopped by Ukko-Pekka Luukkonen without a rebound.
0:28 of 2nd period - Rasmus Kupari wins face-off versus William Nylander in WINNIPEG Jets zone.
0:43 of 2nd period - Shot by William Karlsson.
0:43 of 2nd period - Shot Blocked by Anton Lindholm.
0:45 of 2nd period - Shot by Colton Parayko.
0:45 of 2nd period - Shot Blocked by Gustav Nyquist.
0:47 of 2nd period - Shot by William Karlsson.
0:47 of 2nd period - Shot Misses the Net.
0:49 of 2nd period - Shot by Colton Parayko.
0:49 of 2nd period - Shot Misses the Net.
0:53 of 2nd period - Shot by William Karlsson.
0:53 of 2nd period - Stopped by Darcy Kuemper without a rebound.
0:54 of 2nd period - Dawson Mercer wins face-off versus Connor McDavid in PITTSBURGH Penguins zone.
1:06 of 2nd period - Shot by Dawson Mercer.
1:06 of 2nd period - Stopped by Darcy Kuemper with a rebound.
1:16 of 2nd period - Shot by Dmitrij Jaskin.
1:16 of 2nd period - Deflect By Noah Cates.
1:16 of 2nd period - Shot Misses the Net.
1:18 of 2nd period - Shot by Dawson Mercer.
1:18 of 2nd period - Shot Misses the Net.
2:52 of 2nd period - Shot by Andrei Svechnikov.
2:52 of 2nd period - Shot Misses the Net.
3:24 of 2nd period - Shot by Gustav Nyquist.
3:24 of 2nd period - Shot Misses the Net.
4:06 of 2nd period - Shot by Noah Cates.
4:06 of 2nd period - Shot Misses the Net.
4:14 of 2nd period - Shot by Noah Cates.
4:14 of 2nd period - Shot Blocked by Ross Colton.
4:24 of 2nd period - Shot by Dawson Mercer.
4:24 of 2nd period - Stopped by Darcy Kuemper without a rebound.
4:25 of 2nd period - William Nylander wins face-off versus Logan Brown in PITTSBURGH Penguins zone.
4:34 of 2nd period - Shot by Andrei Svechnikov.
4:34 of 2nd period - Shot Misses the Net.
4:45 of 2nd period - William Nylander is hit by Colton Parayko and loses puck.
5:14 of 2nd period - Justin Kloos is hit by Colton White and loses puck.
7:12 of 2nd period - Shot by William Nylander.
7:12 of 2nd period - Goal by William Nylander - WINNIPEG Jets : 2 - PITTSBURGH Penguins : 3.
7:13 of 2nd period - Connor McDavid wins face-off versus Rasmus Kupari in neutral zone.
7:36 of 2nd period - Shot by William Karlsson.
7:36 of 2nd period - Shot Blocked by Brad Marchand.
7:38 of 2nd period - Shot by Gustav Lindstrom.
7:38 of 2nd period - Stopped by Darcy Kuemper without a rebound.
7:39 of 2nd period - Logan Brown wins face-off versus William Nylander in PITTSBURGH Penguins zone.
7:48 of 2nd period - Shot by Andrei Svechnikov.
7:48 of 2nd period - Shot Misses the Net.
7:50 of 2nd period - Shot by Gustav Nyquist.
7:50 of 2nd period - Shot Misses the Net.
8:18 of 2nd period - Shot by Logan Brown.
8:18 of 2nd period - Shot Hit the Post.
9:07 of 2nd period - Noah Cates is hit by Jake Gardiner and loses puck.
10:09 of 2nd period - Icing by William Karlsson.
10:10 of 2nd period - Rasmus Kupari wins face-off versus William Nylander in WINNIPEG Jets zone.
10:43 of 2nd period - Shot by Andrei Svechnikov.
10:43 of 2nd period - Stopped by Ukko-Pekka Luukkonen without a rebound.
10:44 of 2nd period - Ross Colton wins face-off versus Logan Brown in WINNIPEG Jets zone.
12:04 of 2nd period - Shot by Anton Lindholm.
12:04 of 2nd period - Shot Blocked by Simon Benoit.
12:28 of 2nd period - Shot by Connor McDavid.
12:28 of 2nd period - Shot Blocked by Dmitrij Jaskin.
12:30 of 2nd period - Shot by Oliver Bjorkstrand .
12:30 of 2nd period - Goal by Oliver Bjorkstrand - WINNIPEG Jets : 2 - PITTSBURGH Penguins : 4.
12:31 of 2nd period - Rasmus Kupari wins face-off versus William Nylander in neutral zone.
12:34 of 2nd period - Shot by Mark Stone.
12:34 of 2nd period - Stopped by Darcy Kuemper with a rebound.
12:40 of 2nd period - Shot by Rasmus Kupari.
12:40 of 2nd period - Shot Misses the Net.
12:42 of 2nd period - Shot by Tanner Jeannot.
12:42 of 2nd period - Shot Misses the Net.
12:44 of 2nd period - Shot by Mark Stone.
12:44 of 2nd period - Goal by Mark Stone - WINNIPEG Jets : 3 - PITTSBURGH Penguins : 4.
12:45 of 2nd period - William Nylander wins face-off versus Evgeny Svechnikov in neutral zone.
13:14 of 2nd period - Shot by Gustav Nyquist.
13:14 of 2nd period - Stopped by Ukko-Pekka Luukkonen without a rebound.
13:15 of 2nd period - Rasmus Kupari wins face-off versus Connor McDavid in WINNIPEG Jets zone.
13:45 of 2nd period - Shot by Mark Stone.
13:45 of 2nd period - Stopped by Darcy Kuemper without a rebound.
13:46 of 2nd period - William Nylander wins face-off versus Dawson Mercer in PITTSBURGH Penguins zone.
13:51 of 2nd period - Will Butcher is hit by Dmitrij Jaskin.
14:08 of 2nd period - Minor Penalty to Andrei Svechnikov for Roughing.
14:09 of 2nd period - Charlie Coyle wins face-off versus Connor McDavid in PITTSBURGH Penguins zone.
14:41 of 2nd period - Minor Penalty to Dmitrij Jaskin for Hooking.
14:42 of 2nd period - Evgeny Svechnikov wins face-off versus Connor McDavid in WINNIPEG Jets zone.
14:46 of 2nd period - Off-side.
14:47 of 2nd period - Connor McDavid wins face-off versus Mark Stone in neutral zone.
14:58 of 2nd period - Shot by Connor McDavid.
14:58 of 2nd period - Shot Misses the Net.
15:01 of 2nd period - Icing by Gustav Lindstrom.
15:02 of 2nd period - Connor McDavid wins face-off versus Evgeny Svechnikov in WINNIPEG Jets zone.
15:15 of 2nd period - Shot by Connor McDavid.
15:15 of 2nd period - Shot Misses the Net.
15:17 of 2nd period - Shot by Brad Marchand.
15:17 of 2nd period - Goal by Brad Marchand - WINNIPEG Jets : 3 - PITTSBURGH Penguins : 5.
15:17 of 2nd period - Charlie Lindgren enters game.
15:18 of 2nd period - Connor McDavid wins face-off versus Evgeny Svechnikov in neutral zone.
15:47 of 2nd period - Shot by Brad Marchand.
15:47 of 2nd period - Deflect By Connor McDavid.
15:47 of 2nd period - Shot Misses the Net.
15:54 of 2nd period - Icing by Mark Stone.
15:55 of 2nd period - Evgeny Svechnikov wins face-off versus Oliver Bjorkstrand in WINNIPEG Jets zone.
16:40 of 2nd period - Shot by Anton Lindholm.
16:40 of 2nd period - Stopped by Charlie Lindgren without a rebound.
16:41 of 2nd period - Ross Colton wins face-off versus Dawson Mercer in WINNIPEG Jets zone.
17:25 of 2nd period - Icing by Colton White.
17:26 of 2nd period - Connor McDavid wins face-off versus Dawson Mercer in WINNIPEG Jets zone.
17:27 of 2nd period - Shot by Oliver Bjorkstrand .
17:27 of 2nd period - Stopped by Charlie Lindgren without a rebound.
17:28 of 2nd period - Logan Brown wins face-off versus Connor McDavid in WINNIPEG Jets zone.
18:02 of 2nd period - Shot by Oliver Bjorkstrand .
18:02 of 2nd period - Shot Hit the Post.
18:04 of 2nd period - Shot by Connor McDavid.
18:04 of 2nd period - Stopped by Charlie Lindgren without a rebound.
18:05 of 2nd period - Rasmus Kupari wins face-off versus William Nylander in WINNIPEG Jets zone.
18:05 of 2nd period - Mark Stone is hit by Andrei Svechnikov and loses puck.
18:33 of 2nd period - Double Minor Penalty to Darnell Nurse for Roughing.
18:34 of 2nd period - Connor McDavid wins face-off versus Dmitrij Jaskin in WINNIPEG Jets zone.
19:40 of 2nd period - Icing by Jake Gardiner.
19:41 of 2nd period - William Nylander wins face-off versus Dmitrij Jaskin in PITTSBURGH Penguins zone.
Goals for this period are 2 for WINNIPEG Jets vs 3 for PITTSBURGH Penguins.
Shots for this period are 8 for WINNIPEG Jets vs 9 for PITTSBURGH Penguins.

3rd period


0:01 of 3rd period - Connor McDavid wins face-off versus Dmitrij Jaskin in neutral zone.
0:45 of 3rd period - Shot by Jake Gardiner.
0:45 of 3rd period - Shot Blocked by Ethan Bear.
0:50 of 3rd period - Minor Penalty to Andrei Svechnikov for Interference.
0:51 of 3rd period - Connor McDavid wins face-off versus Dmitrij Jaskin in PITTSBURGH Penguins zone.
1:37 of 3rd period - Shot by William Nylander.
1:37 of 3rd period - Shot Misses the Net.
1:40 of 3rd period - Icing by Colton Parayko.
1:41 of 3rd period - Oliver Bjorkstrand wins face-off versus Dmitrij Jaskin in WINNIPEG Jets zone.
2:05 of 3rd period - Oliver Bjorkstrand is hit by Charlie Coyle.
2:53 of 3rd period - Shot by Evgeny Svechnikov.
2:53 of 3rd period - Stopped by Darcy Kuemper with a rebound.
2:57 of 3rd period - Shot by Logan Brown.
2:57 of 3rd period - Stopped by Darcy Kuemper without a rebound.
2:58 of 3rd period - Ross Colton wins face-off versus Logan Brown in PITTSBURGH Penguins zone.
3:39 of 3rd period - Icing by Tanner Jeannot.
3:40 of 3rd period - Logan Brown wins face-off versus William Nylander in WINNIPEG Jets zone.
5:04 of 3rd period - Minor Penalty to Darnell Nurse for Tripping.
5:05 of 3rd period - Dmitrij Jaskin wins face-off versus Brad Marchand in WINNIPEG Jets zone.
5:28 of 3rd period - Shot by Will Butcher.
5:28 of 3rd period - Shot Misses the Net.
5:53 of 3rd period - Shot by Mark Stone.
5:53 of 3rd period - Shot Blocked by Jake Gardiner.
5:55 of 3rd period - Shot by Colton White.
5:55 of 3rd period - Stopped by Darcy Kuemper without a rebound.
5:56 of 3rd period - Connor McDavid wins face-off versus William Karlsson in PITTSBURGH Penguins zone.
6:13 of 3rd period - Shot by Connor McDavid.
6:13 of 3rd period - Stopped by Charlie Lindgren without a rebound.
6:14 of 3rd period - Gustav Nyquist wins face-off versus Dmitrij Jaskin in WINNIPEG Jets zone.
6:57 of 3rd period - Shot by Oliver Bjorkstrand .
6:57 of 3rd period - Shot Misses the Net.
7:13 of 3rd period - Icing by Charlie Coyle.
7:14 of 3rd period - Ross Colton wins face-off versus Charlie Coyle in WINNIPEG Jets zone.
7:29 of 3rd period - Shot by Colton Parayko.
7:29 of 3rd period - Shot Misses the Net.
7:31 of 3rd period - Shot by Tanner Jeannot.
7:31 of 3rd period - Shot Misses the Net.
7:46 of 3rd period - Vitali Kravtsov is hit by Colton Parayko and loses puck.
7:53 of 3rd period - Ross Colton is hit by Alexei Toropchenko and loses puck.
8:07 of 3rd period - Trevor Carrick is hit by Colton Parayko and loses puck.
8:22 of 3rd period - Shot by Eeli Tolvanen.
8:22 of 3rd period - Stopped by Darcy Kuemper without a rebound.
8:23 of 3rd period - Logan Brown wins face-off versus Connor McDavid in PITTSBURGH Penguins zone.
8:23 of 3rd period - Logan Brown is hit by Will Butcher.
8:33 of 3rd period - Shot by Eeli Tolvanen.
8:33 of 3rd period - Shot Blocked by Jake Gardiner.
8:46 of 3rd period - Off-side.
8:47 of 3rd period - William Nylander wins face-off versus Noah Cates in neutral zone.
9:00 of 3rd period - Shot by Andrei Svechnikov.
9:00 of 3rd period - Stopped by Charlie Lindgren without a rebound.
9:01 of 3rd period - Connor McDavid wins face-off versus William Karlsson in WINNIPEG Jets zone.
9:26 of 3rd period - Shot by William Karlsson.
9:26 of 3rd period - Stopped by Darcy Kuemper without a rebound.
9:27 of 3rd period - William Nylander wins face-off versus Dawson Mercer in PITTSBURGH Penguins zone.
9:59 of 3rd period - William Nylander is hit by Darnell Nurse.
10:33 of 3rd period - Gustav Nyquist is hit by Colton White and loses puck.
11:04 of 3rd period - Icing by Will Butcher.
11:05 of 3rd period - Connor McDavid wins face-off versus Charlie Coyle in PITTSBURGH Penguins zone.
11:22 of 3rd period - Jake Gardiner is hit by Evgeny Svechnikov and loses puck.
11:35 of 3rd period - Shot by Evgeny Svechnikov.
11:35 of 3rd period - Stopped by Darcy Kuemper without a rebound.
11:36 of 3rd period - Ross Colton wins face-off versus Dawson Mercer in PITTSBURGH Penguins zone.
11:38 of 3rd period - Icing by Trevor Carrick.
11:39 of 3rd period - Vitali Kravtsov wins face-off versus Dawson Mercer in PITTSBURGH Penguins zone.
11:47 of 3rd period - Alexander Barabanov is hit by Darnell Nurse and loses puck.
11:58 of 3rd period - Darnell Nurse is hit by Alexander Barabanov and loses puck.
12:11 of 3rd period - Dawson Mercer is hit by Trevor Carrick and loses puck.
12:15 of 3rd period - Dmitrij Jaskin is hit by Kevin Connauton and loses puck.
12:50 of 3rd period - Shot by William Karlsson.
12:50 of 3rd period - Goal by William Karlsson - WINNIPEG Jets : 4 - PITTSBURGH Penguins : 5.
12:51 of 3rd period - Connor McDavid wins face-off versus Logan Brown in neutral zone.
13:06 of 3rd period - Shot by Evgeny Svechnikov.
13:06 of 3rd period - Shot Blocked by Brad Marchand.
13:08 of 3rd period - Shot by Tanner Jeannot.
13:08 of 3rd period - Shot Blocked by Will Butcher.
13:10 of 3rd period - Shot by Tanner Jeannot.
13:10 of 3rd period - Shot Misses the Net.
13:14 of 3rd period - Shot by Eeli Tolvanen.
13:14 of 3rd period - Shot Blocked by Connor McDavid.
13:16 of 3rd period - Shot by Tanner Jeannot.
13:16 of 3rd period - Shot Blocked by Jake Gardiner.
13:28 of 3rd period - Shot by Logan Brown.
13:28 of 3rd period - Stopped by Darcy Kuemper without a rebound.
13:29 of 3rd period - William Nylander wins face-off versus Rasmus Kupari in PITTSBURGH Penguins zone.
13:40 of 3rd period - Shot by William Karlsson.
13:40 of 3rd period - Shot Misses the Net.
13:42 of 3rd period - Shot by William Karlsson.
13:42 of 3rd period - Shot Misses the Net.
13:58 of 3rd period - Shot by Andrei Svechnikov.
13:58 of 3rd period - Shot Misses the Net.
15:19 of 3rd period - Icing by Dawson Mercer.
15:20 of 3rd period - Dawson Mercer wins face-off versus Ross Colton in WINNIPEG Jets zone.
15:30 of 3rd period - Icing by Kevin Connauton.
15:31 of 3rd period - Ross Colton wins face-off versus Rasmus Kupari in PITTSBURGH Penguins zone.
15:58 of 3rd period - Darnell Nurse is hit by Ross Colton.
16:37 of 3rd period - Off-side.
16:38 of 3rd period - Connor McDavid wins face-off versus Charlie Coyle in neutral zone.
16:51 of 3rd period - Shot by Charlie Coyle.
16:51 of 3rd period - Stopped by Darcy Kuemper without a rebound.
16:52 of 3rd period - Dawson Mercer wins face-off versus William Nylander in PITTSBURGH Penguins zone.
17:00 of 3rd period - Icing by Anton Lindholm.
17:01 of 3rd period - Dawson Mercer wins face-off versus William Nylander in PITTSBURGH Penguins zone.
17:28 of 3rd period - Shot by Dmitrij Jaskin.
17:28 of 3rd period - Shot Misses the Net.
17:32 of 3rd period - Shot by Dmitrij Jaskin.
17:32 of 3rd period - Shot Misses the Net.
17:34 of 3rd period - Shot by Darnell Nurse.
17:34 of 3rd period - Stopped by Darcy Kuemper without a rebound.
17:35 of 3rd period - Connor McDavid wins face-off versus Rasmus Kupari in PITTSBURGH Penguins zone.
17:37 of 3rd period - Jake Gardiner is hit by Mark Stone and loses puck.
17:44 of 3rd period - Shot by Will Butcher.
17:44 of 3rd period - Stopped by Charlie Lindgren without a rebound.
17:45 of 3rd period - Logan Brown wins face-off versus Brad Marchand in WINNIPEG Jets zone.
18:00 of 3rd period - Icing by Colton Parayko.
18:01 of 3rd period - William Nylander wins face-off versus Evgeny Svechnikov in WINNIPEG Jets zone.
18:05 of 3rd period - Icing by Colton Parayko.
18:06 of 3rd period - Logan Brown wins face-off versus Connor McDavid in WINNIPEG Jets zone.
18:33 of 3rd period - Shot by Evgeny Svechnikov.
18:33 of 3rd period - Stopped by Darcy Kuemper without a rebound.
18:34 of 3rd period - William Nylander wins face-off versus Dmitrij Jaskin in PITTSBURGH Penguins zone.
18:45 of 3rd period - Shot by Andrei Svechnikov.
18:45 of 3rd period - Deflect By Gustav Nyquist.
18:45 of 3rd period - Stopped by Charlie Lindgren without a rebound.
18:46 of 3rd period - William Karlsson wins face-off versus Connor McDavid in WINNIPEG Jets zone.
18:46 of 3rd period - William Karlsson is hit by Milan Lucic.
18:56 of 3rd period - Shot by Milan Lucic.
18:56 of 3rd period - Shot Misses the Net.
19:03 of 3rd period - Minor Penalty to Tanner Jeannot for Interference.
19:04 of 3rd period - William Nylander wins face-off versus Dmitrij Jaskin in WINNIPEG Jets zone.
19:15 of 3rd period - Shot by Andrei Svechnikov.
19:15 of 3rd period - Shot Blocked by Mark Stone.
19:17 of 3rd period - Shot by Will Butcher.
19:17 of 3rd period - Shot Misses the Net.
19:19 of 3rd period - Shot by William Nylander.
19:19 of 3rd period - Stopped by Charlie Lindgren with a rebound.
19:21 of 3rd period - Shot by Andrei Svechnikov.
19:21 of 3rd period - Shot Blocked by Simon Benoit.
19:23 of 3rd period - Shot by Jake Gardiner.
19:23 of 3rd period - Shot Misses the Net.
19:27 of 3rd period - Shot by Will Butcher.
19:27 of 3rd period - Stopped by Charlie Lindgren without a rebound.
19:28 of 3rd period - Dmitrij Jaskin wins face-off versus Connor McDavid in WINNIPEG Jets zone.
19:55 of 3rd period - Shot by Oliver Bjorkstrand .
19:55 of 3rd period - Stopped by Charlie Lindgren without a rebound.
19:56 of 3rd period - Andrei Svechnikov wins face-off versus William Karlsson in WINNIPEG Jets zone.
19:56 of 3rd period - William Nylander is hit by Simon Benoit and loses puck.
Goals for this period are 1 for WINNIPEG Jets vs 0 for PITTSBURGH Penguins.
Shots for this period are 11 for WINNIPEG Jets vs 7 for PITTSBURGH Penguins.